 Dungeon Crawl Stone Soup version 0.30-a0-802-gb92711bcdf (webtiles) character file.

Game seed: 7476439186085040109

1969 Newt the Merchant of Misery (level 9, -12/102 HPs)
             Began as a Demonspawn Gladiator on Feb 23, 2023.
             Was a Believer of Kikubaaqudgha.
             Killed from afar by a steam dragon (22 damage)
             ... with a ball of steam
             ... on level 7 of the Dungeon.
             The game lasted 00:07:05 (6973 turns).

Newt the Merchant of Misery (Demonspawn Gladiator)  Turns: 6973, Time: 00:07:06

Health: -12/102    AC: 24    Str: 18    XL:     9   Next: 0%
Magic:  25/25      EV:  2    Int: 15    God:    Kikubaaqudgha [**....]
Gold:   264        SH:  0    Dex: 16    Spells: 14/18 levels left

rFire   . . .      SeeInvis .    i - +5 spear (chaos)
rCold   . . .      Faith    .    (no shield)
rNeg    . . .      Spirit   .    (body armour currently unavailable)
rPois   +          Reflect  .    (helmet currently unavailable)
rElec   .          Harm     .    (cloak currently unavailable)
rCorr   .          Rampage  .    (gloves currently unavailable)
Will    .....      NoTele   +    (boots currently unavailable)
Stlth   ++                       o - amulet of the acrobat
HPRegen 0.37/turn                j - ring of magical power
MPRegen 0.19/turn                h - +6 ring of intelligence

@: tree-form, studying Staves
A: stationary, stasis, torment immunity, boosted hp, (antennae 2), (molten
scales 3)
a: Renounce Religion, Unearth Wretches


You were on level 7 of the Dungeon.
You worshipped Kikubaaqudgha.
Kikubaaqudgha was pleased with you.
You were a tree.
You visited 1 branch of the dungeon, and saw 7 of its levels.

You collected 264 gold pieces.

Inventory:

Hand Weapons
 a - a +0 rapier
 i - a +5 spear of chaos (weapon)
Missiles
 e - a javelin (quivered)
Armour
 b - a +0 leather armour (melded)
 c - a +0 helmet
 s - a +1 cloak (melded)
Jewellery
 h - a +6 ring of intelligence (right branch)
 j - a ring of magical power (left branch)
 o - an amulet of the acrobat (around neck)
 v - a ring of protection from fire
 y - a +6 ring of dexterity
Wands
 u - a wand of light (9)
 C - a wand of polymorph (5)
Scrolls
 g - a scroll of poison
 k - a scroll of noise
 n - a scroll of teleportation
 r - a scroll of immolation
 w - a scroll of fog
 x - 3 scrolls of enchant armour
 D - a scroll of fear
Potions
 f - a potion of mutation
 m - 4 potions of flight
 q - a potion of brilliance
 t - a potion of resistance
 z - a potion of haste {unknown}
 A - a potion of degeneration
 B - a potion of curing


   Skills:
 - Level 5.0 Fighting
 - Level 2.6 Short Blades
 - Level 6.0 Polearms
 - Level 1.7 Throwing
 - Level 2.6 Dodging
 - Level 1.5 Stealth
 + Level 5.1 Spellcasting
 + Level 6.2 Necromancy


You had 14 spell levels left.
You knew the following spells:

 Your Spells              Type           Power      Damage    Failure   Level
a - Animate Dead          Necr           22%        N/A       13%         4

Your spell library contained the following spells:

 Spells                   Type           Power      Damage    Failure   Level
 Necrotise                Necr           88%        1d8       1%          1
 Sublimation of Blood     Necr           22%        N/A       1%          2
 Cigotuvi's Dreadful Rot  Necr/Pois/Air  20%        N/A       11%         2
 Blink                    Tloc           6%         N/A       24%         2
 Lesser Beckoning         Tloc           6%         N/A       24%         2
 Momentum Strike          Conj/Tloc      6%         3d8       24%         2
 Scorch                   Fire           6%         2d5       24%         2
 Airstrike                Air            1%         2d(1-17)  85%         4
 Flame Wave               Conj/Fire      3%         2d5       85%         4
 Summon Lightning Spire   Summ/Air       3%         N/A       85%         4
 Lightning Bolt           Conj/Air       1%         1d12      99%         5
 Summon Cactus Giant      Summ           1%         N/A       100%        6


Dungeon Overview and Level Annotations

Branches:
Dungeon (7/15)             Temple (0/1) D:5

Altars:
Cheibriados
Fedhas
Kikubaaqudgha
Okawaru
Qazlal
Ru


Innate Abilities, Weirdness & Mutations

You are a tree.
Your roots penetrate the ground, keeping you stationary.
You cannot be teleported.
You are immune to unholy pain and torment.
Your maximum health is greatly increased.
Your equipment is partially melded.
((You have a pair of antennae on your head.))
((You are completely covered in molten scales. (AC +4, rF+)))


Message History

Your roots penetrate the ground.
You hear some strange, mumbled words.
A puff of flame appears from out of thin air!
The puff of flame hits you.
* * * LOW HITPOINT WARNING * * *
Unknown command.
You cannot move.
You cannot move.
You cannot move.
You cannot move.
You hit something. You burn something. Something hits you but does no damage.
You miss something. You miss something. Something hits you but does no damage.
The steam dragon breathes steam at you.
The ball of steam hits something!
Reactivating autopickup.
You feel a bit more experienced. The ball of steam hits you!
* * * LOW HITPOINT WARNING * * *
You have reached level 9!
Your experience leads to an increase in your attributes!
Your base attributes are Str 16, Int 9, Dex 16.
Increase (S)trength, (I)ntelligence, or (D)exterity?
You feel stronger. x2; Your demonic ancestry asserts itself...
The antennae on your head grow some more.
Reach: i) +5 spear (chaos)
Press: ? - help, Dir - move target, f - steam dragon
Aim: a steam dragon (lightly wounded, catching its breath, about 29% to evade your +5 spear of chaos)
You reach to attack!
You closely miss the steam dragon.
The steam dragon is lightly wounded.
You are engulfed in a cloud of scalding steam.
Reach: i) +5 spear (chaos)
Press: ? - help, Dir - move target, f/p - steam dragon
Aim: a steam dragon (steam, lightly wounded, about 29% to evade your +5 spear of chaos)
You hit the steam dragon.
The steam dragon is moderately wounded.
You are engulfed in a cloud of scalding steam.
The steam dragon breathes steam at you. The ball of steam hits you!!
You die...
Kikubaaqudgha rasps: "You have failed me!
Welcome... death!"

..# #..........# ......
########........
#.....#
#....###........
......##.........).....
#.....##...####.)†....
#.....##### #..#####
#....(# #####.## ####
#..##.# #.....# #..#
#§♣D.###....## ##.#
####.#...)..# #.##
###...##...# #..#
###..§.......# ##.##
#...###.##...# #..#
#.#.#...###### #
##.####.#...### #
#.........## ###
#.....#..##


You could see a steam dragon (catching breath).

Vanquished Creatures
  A hornet (D:7)
  Eustachio (D:4)
  2 ice beasts
  3 ogres
  2 centaurs
  A phantom (D:5)
  A necrophage (D:5)
  3 bullfrogs
  3 scorpions
  2 orc priests (D:4)
  2 hounds (D:4)
  Crazy Yiuf (D:5)
  Jessica (D:2)
  An iguana (D:7)
  4 orc wizards
  4 gnolls (D:4)
  8 adders
  A shadow imp (D:6)
  A white imp (D:6)
  An ufetubus (D:4)
  2 worms
  3 dart slugs
  21 orcs
  10 ball pythons
  3 endoplasms
  2 giant cockroaches
  3 goblins
  3 hobgoblins (D:1)
  A jackal (D:3)
  6 kobolds
  4 quokkas
  5 bats
  2 frilled lizards (D:1)
  4 rats
112 creatures vanquished.

Vanquished Creatures (others)
  An orc wizard (D:7)
1 creature vanquished.

Grand Total: 113 creatures vanquished

Notes
Turn   | Place    | Note
-------+----------+-------------------------------------------
     0 | D:1      | Newt the Demonspawn Gladiator began the quest for the Orb.
     0 | D:1      | Reached XP level 1. HP: 16/16 MP: 1/1
    50 | D:1      | Reached skill level 1 in Stealth
   536 | D:1      | Gained mutation: You are partially covered in molten
                  | scales. (AC +2) [demonic ancestry]
   536 | D:1      | Reached XP level 2. HP: 22/22 MP: 2/2
  1087 | D:2      | Found a faded altar of an unknown god.
  1248 | D:2      | Noticed Jessica
  1267 | D:2      | Reached XP level 3. HP: 6/29 MP: 3/3
  1292 | D:2      | Killed Jessica
  1710 | D:2      | Gained mutation: You are mostly covered in molten scales.
                  | (AC +3) [demonic ancestry]
  1710 | D:2      | Reached XP level 4. HP: 37/37 MP: 4/4
  1962 | D:3      | Found an ancient bone altar of Kikubaaqudgha.
  1987 | D:3      | Became a worshipper of Kikubaaqudgha
  2310 | D:3      | Gained mutation: You have a pair of small antennae on your
                  | head. [demonic ancestry]
  2310 | D:3      | Reached XP level 5. HP: 43/43 MP: 5/5
  2313 | D:3      | Found a sacrificial altar of Ru.
  2492 | D:3      | Reached skill level 5 in Fighting
  2581 | D:3      | Reached skill level 1 in Polearms
  2766 | D:4      | Noticed Eustachio
  2794 | D:4      | Killed Eustachio
  2794 | D:4      | Reached * piety under Kikubaaqudgha
  2794 | D:4      | Received a gift from Kikubaaqudgha
  2795 | D:4      | Gained mutation: You are completely covered in molten
                  | scales. (AC +4, rF+) [demonic ancestry]
  2795 | D:4      | Reached XP level 6. HP: 37/51 MP: 6/6
  2876 | D:4      | Found a stormy altar of Qazlal.
  3389 | D:4      | Reached XP level 7. HP: 35/56 MP: 7/7
  3694 | D:4      | Reached skill level 5 in Polearms
  4235 | D:5      | Entered Level 5 of the Dungeon
  4259 | D:5      | Found a blossoming altar of Fedhas.
  4895 | D:5      | Reached skill level 1 in Necromancy
  4914 | D:5      | Reached skill level 1 in Spellcasting
  5020 | D:5      | Reached ** piety under Kikubaaqudgha
  5054 | D:5      | Found a staircase to the Ecumenical Temple.
  5106 | D:5      | Found a runed translucent door.
  5107 | D:5      | Noticed Crazy Yiuf
  5460 | D:5      | Killed Crazy Yiuf
  5748 | D:6      | Learned a level 4 spell: Animate Dead
  5791 | D:6      | Reached XP level 8. HP: 52/62 MP: 11/11
  6268 | D:6      | Found an iron altar of Okawaru.
  6520 | D:7      | Reached skill level 5 in Necromancy
  6631 | D:7      | Found a snail-covered altar of Cheibriados.
  6948 | D:7      | Noticed a hornet
  6957 | D:7      | Paralysed by a hornet for 1 turns
  6959 | D:7      | Killed a hornet
  6960 | D:7      | Reached skill level 5 in Spellcasting
  6972 | D:7      | Gained mutation: You have a pair of antennae on your head.
                  | [demonic ancestry]
  6972 | D:7      | Reached XP level 9. HP: 9/68 MP: 16/16
  6973 | D:7      | Killed from afar by a steam dragon

Illustrated notes

Levels and vault maps discovered:
D:1:      dpeg_arrival_pits, layout_basic, hangedman_decor_peaks_small
D:2:      layout_rooms, nicolae_ecumenical_lake_church, uniq_jessica
D:3:      cheibrodos_thug_alley, layout_basic,
          nicolae_ru_great_annihilating_truth, lemuel_round_altar,
          corexii_leaking_fountain, minmay_quantized
D:4:      layout_layer_cave, mainiacjoe_overflow_alcove_1, uniq_eustachio
D:5:      layout_basic, fedhas_bush_and_centaur_altar, minmay_temple_entry_hall,
          chequers_ossuary_entry_cave, uniq_crazy_yiuf_cottage
D:6:      layout_gridville, okawaru_ov_weapons_minmay
D:7:      layout_rooms, nemelex_dance_club_becter, lemuel_crystal_altar,
          minmay_crossroads

Skill      XL: |  1  2  3  4  5  6  7  8 |
---------------+-------------------------+-----
Stealth        | 1 |  1.5
Fighting       | 3 4 5 |  5.0
Polearms       | 3 4 6 |  6.0
Necromancy     | 3 6 |  6.2
Spellcasting   | 2 5 |  5.1
Short Blades   | |  2.6
Throwing       | |  1.7
Dodging        | |  2.6

Action                     |  1- 3 |  4- 6 |  7- 9 || total
---------------------------+-------+-------+-------++-------
  Melee: Rapier            |    11 |       |       ||    11
         Spear             |    69 |   135 |   205 ||   409
         Punch             |       |     2 |       ||     2
         Unarmed           |       |       |     6 ||     6
  Throw: Throwing net      |     6 |       |     2 ||     8
         Javelin           |     1 |       |       ||     1
    Use: Scroll            |     5 |     9 |     8 ||    22
         Potion            |     2 |       |     4 ||     6
   Stab: Sleeping          |     8 |     4 |     6 ||    18
         Paralysed         |       |     1 |       ||     1
         Held in net/web   |       |       |     1 ||     1
 Armour: Leather armour    |    27 |    51 |    53 ||   131
         Skin              |       |       |     4 ||     4
  Dodge: Dodged            |    52 |    70 |    86 ||   208

Table legend: (Time is in decaauts)
 A = Elapsed time spent in this place.
 B = Non-inter-level travel time spent in this place.
 C = Inter-level travel time spent in this place.
 D = Time resting spent in this place.
 E = Time spent auto-exploring this place.
 F = Levels seen in this place.
 G = Mean time per level.
                   A        B        C        D        E       F      G
               +--------+--------+--------+--------+--------+-----+--------+
         Total |   6955 |   6578 |    377 |    822 |   4712 |   7 |  993.6 |
       Dungeon |   6955 |   6578 |    377 |    822 |   4712 |   7 |  993.6 |
               +--------+--------+--------+--------+--------+-----+--------+

Top non-repeatable levels by time:
     D:4: 1595 daAuts
     D:5: 1266 daAuts
     D:1: 1046 daAuts
     D:6: 923 daAuts
     D:2: 914 daAuts
     D:3: 754 daAuts
     D:7: 454 daAuts
